 Dungeon Crawl Stone Soup version 0.29-a0-359-g541a27f54d (webtiles) character file.

Game seed: 14491938851450883763

63 Colgate the Sneak (level 4, -3/28 HPs)
             Began as a Kobold Brigand on Apr 28, 2022.
             Was a Follower of Okawaru.
             Slain by an orc
             ... wielding a +3 flail of protection
              (7 damage)
             ... on level 3 of the Dungeon.
             The game lasted 00:06:17 (2456 turns).

Colgate the Sneak (Kobold Brigand)                  Turns: 2456, Time: 00:06:18

Health: -3/28      AC:  6    Str:  8    XL:     4   Next: 30%
Magic:  4/4        EV: 13    Int: 12    God:    Okawaru [*.....]
Gold:   122        SH:  0    Dex: 18    Spells: 3/3 levels left

rFire   . . .      SeeInvis .   a - +3 dagger
rCold   . . .      Faith    .   (no shield)
rNeg    . . .      Spirit   .   l - +1 leather armour {rPois}
rPois   +          Reflect  .   (no helmet)
rElec   .          Harm     .   k - +1 cloak
rCorr   .          Rampage  .   (no gloves)
Will    .....                   (no boots)
Stlth   ++++......              (no amulet)
HPRegen 0.09/turn               (no ring)
MPRegen 0.09/turn               (no ring)

@: no status effects
A: small, no large weapons, nightstalker 3
a: Renounce Religion, Heroism


You were on level 3 of the Dungeon.
You worshipped Okawaru.
Okawaru was aware of your devotion.
You visited 1 branch of the dungeon, and saw 3 of its levels.

You collected 122 gold pieces.

Inventory:

Hand Weapons
 a - a +3 dagger (weapon)
Missiles
 d - 9 poisoned darts (quivered)
 e - 3 curare-tipped darts
Armour
 k - a +1 cloak (worn)
 l - a +1 leather armour of poison resistance (worn)
Scrolls
 c - a scroll of fear
 f - 2 scrolls of fog
 g - a scroll of enchant armour {unknown}
 h - a scroll of noise {unknown}
 i - a scroll of enchant weapon {unknown}
 n - a scroll of torment {unknown}
Potions
 b - a potion of might {@q3}
 j - 3 potions of ambrosia
 m - 2 potions of curing {@q1}
 o - a potion of attraction {unknown}
 p - a potion of flight {unknown}
 q - 2 potions of heal wounds {@q2}
 r - a potion of magic {unknown}
 s - a potion of brilliance {unknown}


   Skills:
 - Level 3.0 Fighting
 - Level 5.0 Short Blades
 - Level 2.1 Throwing
 + Level 1.5 Dodging
 - Level 5.3 Stealth


You had 3 spell levels left.
You didn't know any spells.
Your spell library was empty.

Dungeon Overview and Level Annotations

Branches:
Dungeon (3/15)

Altars:
Okawaru


Innate Abilities, Weirdness & Mutations

You are small and have problems with some larger weapons.
You are completely attuned to the shadows.


Message History

You hit the orc but do no damage.
The orc hits you with a +3 flail of protection.
You barely miss the orc.
The orc hits you with a +3 flail of protection!
You hit the orc but do no damage.
The howler monkey hoots and howls with incredible vigour!
You hear a shout!
You hit the orc but do no damage. Your punch misses the orc.
A gnoll comes into view. It is wielding a +0 whip.
An orc comes into view. It is wielding a +0 mace.
The orc barely misses you.
You hit the orc but do no damage. The howler monkey barely misses you.
The orc misses you.
You closely miss the orc.
The howler monkey hits you but does no damage.
The orc hits you but does no damage.
An orc comes into view. It is wielding a +0 mace.
A goblin comes into view. It is wielding a +0 dagger.
You barely miss the orc. The howler monkey hits you.
The orc shouts!
You hit the orc but do no damage.
You hear an angry hiss.
The orc hits you with a +3 flail of protection.
* * * LOW HITPOINT WARNING * * *
An orc comes into view. It is wielding a +0 club.
The howler monkey barely misses you.
The orc shouts!
You hit the orc but do no damage. The orc closely misses you.
The howler monkey barely misses you.
You closely miss the orc. The orc closely misses you.
An orc comes into view. It is wielding a +0 club.
You hit the orc but do no damage.
The howler monkey hoots and howls with incredible vigour!
A ball python comes into view.
You hear an angry hiss.
You barely miss the orc. The orc closely misses you.
The howler monkey barely misses you.
You hit the orc. The howler monkey barely misses you.
The orc hits you with a +3 flail of protection!
You die...

..........#
####.####.#####
#####.# ##.....#
......##....)..#
.....###.......#
.....#
#...>.?.###
....##
......)).o#
##### ##..####o#
#.# #@# ..
.ggh.# S#o###


.oo .# You could see a howler monkey, a gnoll, 5 orcs, a goblin and a ball
python.

Vanquished Creatures
  An adder (D:2)
  4 orcs (D:3)
  7 endoplasms
  4 goblins
  5 hobgoblins
  2 quokkas
  4 ball pythons
  5 bats (D:1)
  4 frilled lizards (D:1)
  6 kobolds
  3 rats
45 creatures vanquished.

Notes
Turn   | Place    | Note
-------+----------+-------------------------------------------
     0 | D:1      | Colgate the Kobold Brigand began the quest for the Orb.
     0 | D:1      | Reached XP level 1. HP: 12/12 MP: 1/1
   230 | D:1      | Reached XP level 2. HP: 17/17 MP: 2/2
   268 | D:1      | Found a faded altar of an unknown god.
   274 | D:1      | Prayed at the altar of an unknown god.
   274 | D:1      | Became a worshipper of Warmaster Okawaru
   274 | D:1      | Reached * piety under Okawaru
   479 | D:1      | Reached XP level 3. HP: 13/21 MP: 3/3
  1708 | D:2      | Reached skill level 5 in Short Blades
  2095 | D:2      | Reached XP level 4. HP: 27/27 MP: 4/4
  2456 | D:3      | Slain by an orc

Illustrated notes

Levels and vault maps discovered:
D:1:      dpeg_arrival_rooms_a, layout_loops_ring,
          shapermc_ecumenical_altar_hornbeckon
D:2:      layout_basic, minmay_box_of_dots
D:3:      layout_rooms, st_stairs_9

Skill      XL: |  1  2  3  4 |
---------------+-------------+-----
Short Blades   | 3 4 5 |  5.0
Fighting       | 3 |  3.0
Throwing       | |  2.1
Dodging        | |  1.5
Stealth        | |  5.3

Action                   |  1- 3 |  4- 6 || total
-------------------------+-------+-------++-------
Melee: Dagger            |    92 |    28 ||   120
       Punch             |     2 |       ||     2
  Use: Scroll            |     2 |     5 ||     7
 Stab: Sleeping          |    16 |     8 ||    24
Armor: Robe              |    11 |       ||    11
       Leather armour    |     5 |     4 ||     9
Dodge: Dodged            |    47 |    17 ||    64

Table legend: (Time is in decaauts)
 A = Elapsed time spent in this place.
 B = Non-inter-level travel time spent in this place.
 C = Inter-level travel time spent in this place.
 D = Time resting spent in this place.
 E = Time spent auto-exploring this place.
 F = Levels seen in this place.
 G = Mean time per level.
                   A        B        C        D        E       F      G
               +--------+--------+--------+--------+--------+-----+--------+
         Total |   2435 |   2340 |     95 |      0 |   1966 |   3 |  811.7 |
       Dungeon |   2435 |   2340 |     95 |      0 |   1966 |   3 |  811.7 |
               +--------+--------+--------+--------+--------+-----+--------+

Top non-repeatable levels by time:
     D:1: 1195 daAuts
     D:2: 1058 daAuts
     D:3: 182 daAuts
